Map: Катализатор РВ

Players

IIIIIlIIIIII (Rogue)

  • Race: Zerg Zerg
  • League: Grandmaster
  • Spawn Location: 11:00

Solar - Winner!

  • Race: Zerg Zerg
  • League: Master
  • Spawn Location: 5:00

VOD

Have the link to the VOD?

Description

Time

  • Played on: Dec. 27, 2017, 6:32 a.m.
  • Length: 10:18
Show
View Real Time Build Order
Export as new Build Order

IIIIIlIIIIII Zerg 

Build Orders: Hatch First 

Get SALT Encoding   

  12  0:00  Drone  
  13  0:12  Overlord  
  13  0:16  Drone  
  14  0:30  Drone x2  
  14  0:34  Drone  
  17  0:51  Hatchery  
  17  0:54  Drone  
  17  0:57  Drone  
  18  1:09  Extractor  
  17  1:12  Spawning Pool  
  17  1:15  Drone  
  18  1:18  Drone  
  18  1:29  Drone  
  19  1:39  Overlord  
  19  1:52  Drone  
  20  1:58  Queen  
  20  2:00  Drone  
  23  2:02  Queen  
  23  2:03  Drone  
  26  2:12  Drone  
  26  2:13  Drone  
  29  2:22  Drone  
  29  2:24  Drone  
  30  2:32  Zergling x2  
  30  2:34  Queen  
  30  2:37  Overlord  
  33  2:42  Drone  
  34  2:49  Drone  
  35  2:52  Lair  
  35  2:54  Drone  
  35  2:56  Evolution Chamber, Drone  
  36  3:01  Roach Warren  
  36  3:05  Drone x2  
  36  3:09  Drone x3  
  40  3:12  Overlord  
  40  3:18  Drone x2  
  40  3:19  Drone  
  43  3:24  Zerg Missile Weapons Level 1  
  43  3:26  Drone  
  44  3:31  Drone  
  44  3:36  Extractor, Drone  
  44  3:38  Extractor  
  43  3:41  Drone  
  43  3:42  Drone x2  
  43  3:47  Overlord  
  43  3:48  Drone x2  
  48  3:56  Overlord  
  48  4:01  Glial Reconstitution  
  48  4:05  Hatchery  
  47  4:14  Overlord  
  47  4:20  Roach  
  47  4:21  Roach x5  
  61  4:24  Roach  
  61  4:29  Overseer  
  61  4:31  Roach x3  
  67  4:35  Roach  
  69  4:42  Overlord  
  69  4:46  Roach x3  
  75  4:54  Overlord x2  
  75  5:11  Roach x5  
  84  5:18  Roach  
  84  5:19  Zerg Missile Weapons Level 2  
  86  5:25  Drone  
  86  5:27  Drone x6  
  93  5:31  Overlord  
  93  5:32  Drone  
  94  5:35  Drone  
  94  5:40  Drone x2  
  97  5:43  Drone  
  96  5:52  Drone x2  
  96  5:56  Roach x6  
  100  5:59  Roach  
  100  6:02  Roach x2  
  104  6:04  Roach  
  104  6:06  Overseer  
  104  6:09  Overlord  
  106  6:16  Roach x3  
  112  6:23  Overlord x3  
  112  6:34  Roach x5  
  112  6:37  Overlord x3  
  122  6:49  Roach x4  
  122  6:50  Roach  
  132  6:55  Roach x5  
  132  6:56  Roach  
  132  6:58  Roach  
  146  7:03  Roach  
  146  7:04  Roach  
  146  7:08  Overlord  
  152  7:15  Roach  
  152  7:16  Roach  
  154  7:23  Extractor, Roach x5  
  154  7:29  Roach x2  
  167  7:30  Overlord x2  
  167  7:31  Drone  
  168  7:38  Roach x2  
  172  7:47  Roach x3  
  142  7:58  Roach  
  142  7:59  Roach x4  
  128  8:08  Roach  
  128  8:09  Roach x2  
  128  8:10  Drone x2  
  128  8:11  Drone  
  115  8:18  Hatchery, Extractor  
  101  8:21  Extractor  
  101  8:22  Roach x6  
  101  8:27  Roach x2  
  114  8:28  Drone  
  115  8:34  Roach  
  115  8:35  Roach  
  119  8:44  Roach x3  
  125  8:50  Roach x4  
  125  8:52  Ravager  
  125  8:54  Roach x2  
  138  8:57  Drone x3  
  138  8:59  Roach x2  
  138  9:00  Roach  
  147  9:04  Ravager  
  147  9:09  Roach x3  
  154  9:16  Roach  
  154  9:17  Roach x4  
  164  9:20  Roach x3  
  170  9:24  Overlord  
  170  9:27  Ravager  
  170  9:28  Roach x2  
  175  9:34  Roach x2  
  179  9:39  Roach x2  
  179  9:43  Roach x2  
  170  9:46  Roach x2  
  170  9:47  Roach x2  
  158  9:55  Roach  
  158  9:56  Roach x3  
Show
View Real Time Build Order
Export as new Build Order

Solar Zerg - Winner!

Build Orders: Hatch First 

Get SALT Encoding   

  12  0:00  Drone  
  13  0:12  Overlord  
  13  0:16  Drone  
  14  0:31  Drone x2  
  14  0:35  Drone  
  17  0:52  Hatchery  
  17  0:54  Drone  
  17  0:57  Drone  
  17  1:03  Extractor  
  17  1:13  Spawning Pool  
  17  1:16  Drone  
  17  1:20  Drone  
  18  1:28  Drone  
  19  1:39  Overlord  
  19  2:00  Zergling x4  
  19  2:01  Queen  
  23  2:03  Queen  
  23  2:06  Metabolic Boost  
  23  2:07  Zergling x2  
  26  2:13  Drone  
  26  2:15  Drone  
  28  2:22  Drone  
  29  2:26  Drone  
  30  2:38  Hatchery  
  30  2:40  Drone  
  30  2:42  Drone  
  31  2:47  Overlord  
  31  2:50  Drone  
  32  2:54  Drone  
  33  2:59  Drone  
  33  3:03  Baneling Nest  
  33  3:04  Drone  
  34  3:08  Drone  
  34  3:12  Drone x2  
  37  3:13  Drone  
  37  3:14  Drone  
  37  3:15  Drone  
  37  3:18  Zergling x2  
  41  3:20  Drone  
  41  3:24  Overlord  
  42  3:29  Drone  
  42  3:35  Drone  
  42  3:36  Evolution Chamber  
  42  3:38  Drone  
  43  3:45  Drone  
  43  3:46  Queen  
  43  3:47  Drone x2  
  43  3:48  Drone  
  49  3:50  Roach Warren, Drone  
  49  3:51  Drone  
  49  3:53  Drone  
  51  3:57  Drone  
  51  4:01  Overlord  
  52  4:03  Drone  
  52  4:04  Zerg Missile Weapons Level 1  
  52  4:06  Extractor, Drone  
  52  4:09  Drone  
  54  4:12  Drone  
  55  4:17  Lair  
  55  4:19  Zergling x4  
  55  4:20  Zergling x2  
  55  4:21  Zergling x2  
  55  4:23  Drone  
  60  4:26  Drone  
  60  4:28  Drone  
  60  4:30  Overlord  
  61  4:33  Drone  
  61  4:35  Extractor  
  61  4:36  Extractor, Overlord  
  60  4:40  Roach x2  
  60  4:42  Overlord  
  60  4:43  Drone  
  65  4:46  Overlord  
  65  4:49  Roach  
  67  4:54  Roach  
  67  4:56  Roach x3  
  67  4:58  Overlord  
  67  4:59  Overlord  
  75  5:02  Roach  
  75  5:06  Roach x2  
  80  5:12  Roach x3  
  86  5:16  Roach  
  86  5:19  Roach x2  
  88  5:25  Roach x3  
  94  5:31  Overlord  
  94  5:32  Roach x2  
  94  5:35  Drone  
  99  5:39  Glial Reconstitution  
  99  5:40  Overlord  
  99  5:42  Roach  
  101  5:44  Roach  
  101  5:47  Roach  
  101  5:49  Roach  
  107  5:50  Roach  
  107  5:53  Roach  
  107  5:55  Roach  
  99  5:57  Zergling x4  
  99  6:00  Roach  
  101  6:05  Drone x2  
  101  6:08  Roach  
  101  6:09  Roach x2  
  109  6:13  Drone x2  
  109  6:17  Overlord  
  109  6:18  Overseer  
  111  6:19  Drone x3  
  111  6:21  Drone  
  115  6:27  Overlord  
  115  6:30  Drone  
  116  6:33  Drone  
  116  6:34  Ravager  
  116  6:35  Drone  
  116  6:37  Drone x3  
  116  6:39  Drone x2  
  122  6:41  Drone  
  122  6:43  Extractor, Drone  
  122  6:46  Roach  
  125  6:51  Ravager  
  125  6:52  Roach x2  
  125  6:53  Roach  
  132  6:57  Overlord  
  132  6:59  Roach x3  
  132  7:00  Overlord  
  138  7:04  Ravager  
  138  7:06  Roach x3  
  138  7:07  Zerg Missile Weapons Level 2  
  145  7:09  Overlord  
  145  7:14  Overlord  
  145  7:16  Roach x3  
  145  7:18  Ravager  
  145  7:20  Overlord  
  156  7:22  Roach x2  
  156  7:27  Roach x3  
  156  7:29  Roach  
  164  7:33  Roach x2  
  164  7:36  Roach x2  
  172  7:38  Roach  
  172  7:41  Roach  
  172  7:42  Roach  
  178  7:46  Roach x2  
  178  7:49  Roach x2  
  182  7:52  Roach x2  
  182  7:58  Roach x3  
  165  8:00  Roach  
  165  8:03  Roach  
  165  8:04  Roach  
  145  8:07  Roach  
  145  8:08  Roach  
  145  8:11  Roach  
  145  8:12  Queen, Roach  
  143  8:13  Roach  
  143  8:17  Hatchery  
  143  8:19  Roach  
  144  8:23  Roach x2  
  148  8:28  Ravager  
  148  8:31  Ravager, Extractor  
  149  8:36  Ravager  
  149  8:40  Overlord  
  149  8:41  Roach x2  
  154  8:44  Roach x2  
  158  8:50  Roach x3  
  162  8:57  Roach x4  
  162  9:00  Roach x2  
  174  9:04  Roach x3  
  174  9:08  Roach x2  
  174  9:09  Roach  
  186  9:13  Roach  
  188  9:18  Ravager  
  188  9:19  Roach  
  188  9:20  Roach  
  193  9:26  Ravager  
  193  9:30  Roach x3  
  200  9:43  Roach x4  
  196  9:45  Roach  
  196  9:46  Roach  
  196  9:48  Roach x3  
  185  9:53  Roach x2  
  185  9:54  Roach x2  
  185  9:56  Roach x2  
  185  9:57  Roach x3  
  185  9:58  Roach x2  
Tags
 
Add a new tag
Caveats
  • Supply blocks, unpowered buildings, or Contaminate may cause inaccurate times.
  • Supply counts are checked every 10 seconds.